 Dungeon Crawl Stone Soup version 0.28.0-55-gcd9437bce4 (webtiles) character file.

Game seed: 11751446796758843140

849 nerdsy the Digger (level 7, -1/57 HPs)
             Began as a Deep Dwarf Earth Elementalist on Jan 4, 2023.
             Slain by a troll (11 damage)
             ... on level 6 of the Dungeon.
             The game lasted 00:16:02 (2677 turns).

nerdsy the Digger (Deep Dwarf Earth Elementalist)   Turns: 2677, Time: 00:16:03

Health: -1/57      AC:  3    Str: 11    XL:     7   Next: 69%
Magic:  7/13       EV: 12    Int: 18    God:
Gold:   79         SH:  0    Dex: 13    Spells: 13/14 levels left

rFire   x . .      SeeInvis .   g - +2 dagger (speed)
rCold   + . .      Faith    +   (no shield)
rNeg    . . .      Spirit   .   j - +0 leather armour
rPois   .          Reflect  .   (no helmet)
rElec   .          Harm     .   (no cloak)
rCorr   .          Rampage  .   (no gloves)
Will    +....                   (no boots)
Stlth   ++........              d - amulet of faith
HPRegen 0.00/turn               e - ring of ice
MPRegen 0.13/turn               (no ring)

@: no status effects
A: damage resistance, heal wounds, sense surroundings 1, no regeneration
a: Heal Wounds


You were on level 6 of the Dungeon.
You visited 1 branch of the dungeon, and saw 4 of its levels.

You collected 79 gold pieces.

Inventory:

Hand Weapons
 g - a +2 dagger of speed (weapon)
Armour
 j - a +0 leather armour (worn)
Jewellery
 d - an amulet of faith (around neck)
 e - a ring of ice (left hand)
Scrolls
 a - a scroll of identify
 f - 2 scrolls of immolation
 i - a scroll of summoning
 l - a scroll of noise
Potions
 b - a potion of invisibility {unknown}
 c - a potion of mutation {unknown}
 k - a potion of cancellation {unknown}
 m - a potion of brilliance {unknown}


   Skills:
 + Level 1.2 Fighting
 + Level 2.8 Short Blades
 + Level 2.7 Armour
 + Level 3.3 Dodging
 + Level 3.5 Stealth
 + Level 0.7 Unarmed Combat
 + Level 4.0 Spellcasting
 + Level 0.8 Transmutations
 + Level 7.3 Earth Magic


You had 13 spell levels left.
You knew the following spells:

 Your Spells              Type           Power      Damage    Failure   Level
a - Sandblast             Erth           60%        2d14      1%          1

Your spell library contained the following spells:

 Spells                   Type           Power      Damage    Failure   Level
 Passwall                 Tmut/Erth      15%        N/A       5%          2
 Stone Arrow              Conj/Erth      32%        3d9       12%         3
 Pain                     Necr           12%        1d4       19%         1
 Petrify                  Tmut/Erth      18%        N/A       34%         4
 Agony                    Necr           3%         N/A       99%         5
 Excruciating Wounds      Necr           1%         N/A       99%         5


Dungeon Overview and Level Annotations

Branches:
Dungeon (6/15)
 Temple: D:4-7

Altars:
Cheibriados
Fedhas
Xom
Zin
The Shining One


Innate Abilities, Weirdness & Mutations

You are resistant to damage.
You can heal yourself by infusing magical energy.
You passively map a small area around you.
You do not regenerate.


Message History

The orc wizard flickers and vanishes!
Deactivating autopickup; reactivate with Ctrl-A.
You hit something but do no damage. The orc closely misses you.
You miss something. Something hits you.
You closely miss something. The orc barely misses you.
You barely miss something. Something hits you.
You barely miss something. The orc misses you. Something hits you.
You barely miss something. You closely miss something. Something hits you.
You miss something. The orc hits you with a +0 short sword.
You miss something.
The orc shouts!
Something barely misses you.
You hit something but do no damage. The orc hits you with a +0 short sword.
* * * LOW HITPOINT WARNING * * *
Something hits you.
* * * LOW HITPOINT WARNING * * *
Okay, then.
You feel much better. The orc barely misses you.
The orc hits you with a +0 short sword.
A troll comes into view.
You hear some strange, mumbled words.
A magic dart appears from out of thin air!
The magic dart hits you.
You hit something. The orc hits you with a +0 flail.
You barely miss something. The orc hits you with a +0 short sword.
Something hits you.
You barely miss something. The orc hits you but does no damage.
You barely miss something. The orc hits you but does no damage.
You hear some strange, mumbled words.
A magic dart appears from out of thin air!
The magic dart hits you.
You hit something. The orc hits you with a +0 short sword.
You hit something.
Reactivating autopickup.
You feel a bit more experienced. The troll barely misses you.
The troll claws you!
* * * LOW HITPOINT WARNING * * *
The troll claws you!
You die...

....##...####..###...#
###'###...##..#..#...#
#.....#..............#
......#..............#
......#########......# ......#
* ################### ......#
#.....#....)#.)...# ......#
#.oo.T#.....#.....# ......#
#..#W@#..#).#..#..#
......##+###.5#o.#..#..#†.#..#
.......#....oo#.....#...†.#†.#
.#####.# ..Zoo#.....#.....#..#
.# #.####################..#
.# #....................†..#
## #.......................#
######################..# , ,
#.....#.....#..#


You could see a troll, a phantom and 3 orcs.

Vanquished Creatures
  Sigmund (D:3)
  A water moccasin (D:6)
  An ogre (D:3)
  3 scorpions (D:6)
  A bullfrog zombie (D:6)
  An orc priest (D:6)
  A quasit (D:6)
  A centaur skeleton (D:3)
  A bullfrog skeleton (D:6)
  Terence (D:3)
  2 orc wizards
  2 adders
  A white imp (D:6)
  A dart slug (D:1)
  13 orcs
  5 ball pythons
  9 bats
  5 endoplasms
  2 giant cockroaches
  7 goblins
  5 hobgoblins
  2 jackals (D:1)
  A frilled lizard (D:1)
  4 goblin skeletons (D:6)
  A goblin zombie (D:6)
  A hobgoblin zombie (D:6)
  2 kobolds
  A kobold zombie (D:6)
  An orc zombie (D:6)
  7 rats
84 creatures vanquished.

Notes
Turn   | Place    | Note
-------+----------+-------------------------------------------
     0 | D:1      | nerdsy the Deep Dwarf Earth Elementalist began the quest
                  | for the Orb.
     0 | D:1      | Reached XP level 1. HP: 15/15 MP: 3/3
   306 | D:1      | Reached XP level 2. HP: 20/22 MP: 2/4
   631 | D:1      | Reached skill level 5 in Earth Magic
   983 | D:2      | Reached XP level 3. HP: 24/28 MP: 2/5
  1039 | D:2      | Found a snail-covered altar of Cheibriados.
  1431 | D:2      | Found a faded altar of an unknown god.
  1632 | D:3      | Noticed Sigmund
  1670 | D:3      | Killed Sigmund
  1671 | D:3      | Reached skill level 1 in Armour
  1671 | D:3      | Reached skill level 6 in Earth Magic
  1671 | D:3      | Reached XP level 4. HP: 13/37 MP: 1/8
  1671 | D:3      | Reached XP level 5. HP: 15/43 MP: 1/9
  1706 | D:3      | Reached skill level 1 in Short Blades
  1789 | D:3      | Noticed an ogre
  1797 | D:3      | Killed an ogre
  1798 | D:3      | Reached XP level 6. HP: 46/50 MP: 4/10
  1937 | D:3      | Noticed Terence
  1977 | D:3      | Killed Terence
  2002 | D:3      | Found a blossoming altar of Fedhas.
  2256 | D:3      | Found a shimmering altar of Xom.
  2261 | D:3      | You fall into a shaft and drop 3 floors!
  2261 | D:6      | Found a glowing golden altar of the Shining One.
  2305 | D:6      | Found a glowing silver altar of Zin.
  2482 | D:6      | Noticed a water moccasin
  2493 | D:6      | Reached skill level 1 in Fighting
  2493 | D:6      | Reached XP level 7. HP: 28/57 MP: 6/11
  2603 | D:6      | Reached skill level 7 in Earth Magic
  2670 | D:6      | Noticed a troll
  2677 | D:6      | Slain by a troll

Illustrated notes

Levels and vault maps discovered:
D:1:      minmay_arrival_glassed_features, layout_loops_corners
D:2:      layout_loops_cross, dilly_ecumenical_altar_fadedgnrine, basic_altar
D:3:      layout_basic, led_xom_imps, mainiacjoe_overflow_cross_hatched,
          uniq_sigmund, uniq_terence
D:6:      kennysheep_windowed_halls, layout_basic, nicolae_tso_besieged_by_evil,
          mainiacjoe_overflow_tiny_flanked

Skill      XL: |  1  2  3  4  5  6  7 |
---------------+----------------------+-----
Earth Magic    | 5 6 7 |  7.3
Spellcasting   | 2 3 4 |  4.0
Armour         | 1 2 |  2.7
Stealth        | 3 |  3.5
Short Blades   | 1 2 |  2.8
Dodging        | 3 |  3.3
Fighting       | 1 |  1.2
Unarmed Combat | |  0.7
Transmutations | |  0.8

Action                   |  1- 3 |  4- 6 |  7- 9 || total
-------------------------+-------+-------+-------++-------
Melee: Unarmed           |    19 |       |       ||    19
       Dagger            |    65 |   140 |    55 ||   260
       Punch             |     1 |     2 |       ||     3
Throw: Stone             |       |       |     1 ||     1
 Cast: Sandblast         |    34 |    28 |    20 ||    82
 Abil: Heal Wounds       |     1 |     2 |     3 ||     6
  Use: Scroll            |       |     5 |       ||     5
 Stab: Sleeping          |     2 |       |       ||     2
       Distracted        |       |     1 |       ||     1
Armor: Robe              |    18 |       |       ||    18
       Leather armour    |    14 |    26 |     8 ||    48
Dodge: Dodged            |    75 |    97 |    26 ||   198
